Map: Usina Ácida LE

Players

IagoAbreu - Winner!

  • Race: Zerg Zerg
  • League: Gold
  • Spawn Location: 11:00

thekingdanny

  • Race: Terran Terran
  • League: Silver
  • Spawn Location: 5:00

VOD

Have the link to the VOD?

Description

Time

  • Played on: May 5, 2018, 9:27 a.m.
  • Length: 11:44
Show
View Real Time Build Order
Export as new Build Order

IagoAbreu Zerg - Winner!

Build Orders: Pool First 

Get SALT Encoding   

  12  0:03  Drone  
  13  0:08  Drone  
  14  0:18  Overlord  
  14  0:24  Extractor  
  14  0:27  Drone  
  14  0:41  Spawning Pool  
  13  0:53  Drone x2  
  15  1:00  Drone  
  16  1:05  Drone  
  17  1:18  Drone  
  18  1:25  Drone  
  19  1:33  Queen  
  19  1:38  Evolution Chamber  
  20  1:40  Metabolic Boost  
  20  1:44  Drone  
  21  2:08  Hatchery  
  20  2:16  Zerg Melee Weapons Level 1  
  20  2:18  Drone  
  20  2:20  Drone  
  22  2:26  Overlord  
  22  2:35  Overlord  
  22  2:44  Queen  
  24  3:15  Zergling x6  
  24  3:16  Zergling x8  
  31  3:21  Burrow  
  31  3:30  Overlord  
  31  3:40  Zergling x2  
  31  3:41  Zergling x4  
  34  3:59  Zergling x6  
  34  4:00  Zergling x4  
  39  4:15  Drone x4  
  39  4:16  Drone  
  44  4:27  Overlord x3  
  44  4:28  Overlord  
  38  4:46  Zergling x6  
  38  4:47  Zergling x6  
  35  4:57  Zergling x4  
  35  4:58  Zergling x6  
  40  5:04  Zerg Missile Weapons Level 1  
  40  5:09  Roach Warren  
  40  5:10  Extractor  
  40  5:12  Extractor  
  37  5:14  Extractor  
  36  5:37  Drone x4  
  36  5:38  Drone  
  35  5:59  Zergling x6  
  35  6:00  Zergling x12  
  35  6:01  Zergling x4  
  35  6:02  Zergling x2  
  47  6:04  Zergling x2  
  47  6:17  Zergling x4  
  47  6:18  Zergling x2  
  47  6:47  Zergling x4  
  47  6:48  Zergling x8  
  52  7:06  Zergling x4  
  52  7:07  Zergling x12  
  60  7:24  Roach x2  
  64  7:44  Roach x4  
  72  7:52  Roach x2  
  72  7:56  Overlord x3  
  72  7:57  Overlord x3  
  76  8:22  Roach x2  
  76  8:23  Roach x4  
  88  8:52  Ravager x3  
  88  8:53  Ravager  
  88  8:54  Ravager  
  88  8:55  Ravager  
  94  8:57  Roach x5, Ravager  
  94  8:58  Roach  
  107  9:05  Ravager  
  108  9:26  Ravager x2  
  108  9:27  Ravager  
  111  10:17  Ravager x4  
  111  10:18  Ravager x2  
  117  11:05  Zergling x14  
  117  11:09  Overlord x5  
Show
View Real Time Build Order
Export as new Build Order

thekingdanny Terran 

Build Orders:  

Get SALT Encoding   

  12  0:25  Supply Depot  
  12  0:29  SCV  
  12  0:30  Supply Depot  
  13  0:39  Refinery  
  13  0:41  SCV  
  14  0:50  Refinery  
  14  1:05  Barracks  
  14  1:09  SCV  
  15  1:21  SCV  
  16  1:33  SCV  
  17  1:45  SCV  
  18  1:54  Marine  
  18  1:57  SCV  
  20  2:10  Factory  
  20  2:11  SCV  
  20  2:12  Marine  
  22  2:27  SCV  
  22  2:29  Marine  
  24  2:39  SCV  
  25  2:44  Supply Depot  
  25  2:47  Marine  
  26  2:51  SCV  
  26  2:56  Factory Tech Lab  
  27  3:03  SCV  
  27  3:05  Marine  
  28  3:08  Supply Depot  
  29  3:23  Marine  
  30  3:43  Command Center  
  30  3:52  Starport  
  30  3:56  SCV, Starport  
  31  4:05  Starport  
  31  4:10  Siege Tank  
  31  4:14  SCV  
  35  4:20  Barracks Tech Lab  
  35  4:29  Orbital Command  
  35  4:32  Starport Reactor  
  35  4:36  Starport Reactor  
  32  4:56  Marine  
  33  5:04  Supply Depot, Starport Reactor  
  33  5:12  Starport  
  33  5:13  Marine  
  34  5:20  SCV  
  35  5:21  Refinery  
  35  5:31  Marine  
  35  5:33  SCV  
  33  5:45  SCV  
  33  5:49  Marine  
  32  5:56  Viking  
  30  5:58  Viking  
  23  6:07  Marine  
  9  6:18  Siege Tank  
  9  6:25  Marine  
  4  7:04  SCV, Barracks  
  5  7:16  SCV  
  6  7:34  SCV  
  7  7:46  SCV  
  8  7:53  Barracks Reactor  
  8  8:16  SCV, Supply Depot  
  9  8:28  SCV  
  10  8:35  Marine x2  
  12  8:53  Marine x2  
  14  9:11  Marine x2  
  16  9:24  Supply Depot  
  16  9:28  Marine  
  16  9:29  Marine  
  18  9:46  Marine  
  18  9:47  Supply Depot  
  18  9:48  Marine  
  20  9:55  SCV  
  21  10:07  SCV  
  21  10:09  Marine  
  21  10:12  Marine  
  24  10:26  Supply Depot  
  24  10:29  Marine  
  24  10:34  Marine  
  26  10:47  SCV  
  27  10:52  Marine  
  27  10:53  Marine  
  29  11:04  SCV  
  29  11:10  Marine  
  31  11:11  Marine  
Tags
 
Add a new tag
Caveats
  • Supply blocks, unpowered buildings, or Contaminate may cause inaccurate times.
  • Supply counts are checked every 10 seconds.